 Dungeon Crawl Stone Soup version 0.24-a0-228-g05560da (webtiles) character file.

Game seed: 8287870038786622446

426 Gunnerkreig the Sneak (level 6, -11/38 HPs)
             Began as an Octopode Wizard on Apr 1, 2019.
             Was an Initiate of Vehumet.
             Mangled by an ice beast (12 damage)
             ... on level 4 of the Dungeon on Apr 2, 2019.
             The game lasted 00:12:41 (5969 turns).

Gunnerkreig the Sneak (Octopode Wizard)             Turns: 5969, Time: 00:12:42

Health: -11/38     AC:  1    Str:  8    XL:     6   Next: 97%
Magic:  0/10       EV: 13    Int: 21    God:    Vehumet [......]
Gold:   176        SH:  0    Dex: 10    Spells: 4/11 levels left

rFire    . . .     SeeInvis .   h - +1 dagger (venom)
rCold    . . .     Gourm    .   (no shield)
rNeg     . . .     Faith    .   a - +0 hat
rPois    .         Spirit   .   (no amulet)
rElec    .         Reflect  .   (no ring)
rCorr    .         Harm     .   (no ring)
MR       .....                  (no ring)
Stlth    ++++......             (no ring)
HPRegen  0.12/turn              (no ring)
MPRegen  0.12/turn              (no ring)
                                (no ring)
                                (no ring)

@: no status effects
A: almost no armour, stealthy swim, amphibious, 8 rings, constrict 8, camouflage
1, gelatinous body 1
a: Renounce Religion


You were on level 4 of the Dungeon.
You worshipped Vehumet.
Vehumet was noncommittal.
You were not hungry.

You visited 2 branches of the dungeon, and saw 7 of its levels.

You collected 176 gold pieces.

Inventory:

Hand Weapons
 h - a +1 dagger of venom (weapon)
 k - a +0 short sword
Missiles
 f - 128 stones
 j - 4 javelins (quivered)
 o - 6 silver javelins
 q - 23 sling bullets
Armour
 a - a +0 hat (worn)
Wands
 s - a wand of enslavement (5)
Scrolls
 b - a scroll of immolation {unknown}
 d - a scroll of random uselessness {unknown}
 e - 5 scrolls of teleportation
 l - 2 scrolls of identify
 m - a scroll of magic mapping {unknown}
 n - a scroll of fog {unknown}
 r - a scroll of fear {unknown}
 u - a scroll of remove curse {unknown}
 v - a scroll of noise {unknown}
 x - a scroll of amnesia {unknown}
Potions
 g - a potion of magic
 i - a potion of flight
 p - a potion of cancellation
 t - a potion of agility
 w - a potion of haste
Comestibles
 c - 9 rations


   Skills:
 + Level 1.4 Fighting
 - Level 2.0 Dodging
 - Level 5.0 Stealth
 - Level 3.0 Spellcasting
 - Level 5.0 Conjurations
   Level 1.0 Summonings
   Level 1.0 Translocations
 + Level 1.4 Fire Magic
 + Level 1.4 Air Magic
 + Level 1.8 Poison Magic


You had 4 spell levels left.
You knew the following spells:

 Your Spells              Type           Power        Failure   Level  Hunger
a - Magic Dart            Conj           ###.         1%          1    None
b - Conjure Flame         Conj/Fire      ###.....     11%         3    ###....
c - Mephitic Cloud        Conj/Pois/Air  ##......     13%         3    ###....

Your spell library contained the following spells:

 Spells                   Type           Power        Failure   Level  Hunger
 Searing Ray              Conj           ###...       2%          2    ##.....
 Blink                    Tloc           N/A          13%         2    ##.....
 Call Imp                 Summ           #.......     13%         2    ##.....
 Dazzling Spray           Conj/Hex       ##....       14%         3    ###....
 Iskenderun's Mystic Bla  Conj           ###.....     17%         4    ####...
 Slow                     Hex            #.......     21%         2    ##.....
 Force Lance              Conj/Tloc      ###.....     36%         4    ####...
 Fulminant Prism          Conj/Hex       ##........   43%         4    ####...


Dungeon Overview and Level Annotations

Branches:
Dungeon (6/15)             Temple (1/1) D:5

Altars:
Dithmenos
Fedhas
Gozag
Hepliaklqana
Kikubaaqudgha
Makhleb
Nemelex Xobeh
Okawaru
Ru
Sif Muna
Trog
Uskayaw
Vehumet
Wu Jian
Xom
Yredelemnul
Zin


Innate Abilities, Weirdness & Mutations

You cannot wear most types of armour.
You are very stealthy in the water. (Stealth+)
You are amphibious.
You can wear up to eight rings at the same time.
You can use your tentacles to constrict eight enemies at once.
Your skin changes colour to match your surroundings (Stealth+).
Your rubbery body absorbs attacks. (AC +1, EV +1)


Message History

The ice beast is severely wounded.
The ice beast misses you.
You hit the ice beast but do no damage. You squeeze the ice beast.
The ice beast is almost dead.
The ice beast closely misses you.
You closely miss the ice beast. Your squeeze misses the ice beast.
The ice beast is almost dead.
The ice beast hits you. The ice beast freezes you.
You hit the ice beast but do no damage.
The ice beast is almost dead.
The ice beast hits you. The ice beast freezes you!
* * * LOW HITPOINT WARNING * * *
You are too injured to fight recklessly!
You are too injured to fight recklessly!
You hit the ice beast.
The ice beast is almost dead.
The ice beast hits you.
* * * LOW HITPOINT WARNING * * *
The ice beast freezes you!
You die...

#.######.#♣.....♣ #..
#.####...#♣.....♣ ##..
#.#......##♣....♣ #...
#.#.##.#(.#♣....♣ #.#.
#.#.##.##(##♣...♣# ##.#.
#.#....##..#♣♣...♣# #..#.
#.########.###♣♣..♣######....
#.# #(Y.###♣.........##. #.#
###@..###.....#####.
#.###########..........# #.
#.........# #.........## #.
#########.###.######### #.
#.....# #. ####### ##


You could see an ice beast.

Vanquished Creatures
  A scorpion (D:4)
  A howler monkey (D:4)
  A hound (D:5)
  A bullfrog skeleton (D:4)
  A jelly (D:3)
  An orc wizard (D:3)
  A centaur skeleton (D:4)
  A worker ant (D:4)
  5 adders
  A shadow imp (D:3)
  2 oozes
  3 worms
  5 leopard geckos
  7 orcs (D:3)
  6 giant cockroaches
  7 goblins
  10 hobgoblins
  5 jackals
  8 kobolds
  2 quokkas (D:4)
  4 ball pythons
  6 bats
  4 frilled lizards
  A quokka skeleton (D:5)
  12 rats
96 creatures vanquished.

Notes
Turn   | Place    | Note
-------+----------+-------------------------------------------
     0 | D:1      | Gunnerkreig the Octopode Wizard began the quest for the
                  | Orb.
     0 | D:1      | Reached XP level 1. HP: 11/11 MP: 4/4
   252 | D:1      | Reached XP level 2. HP: 14/17 MP: 1/6
  1096 | D:1      | Reached XP level 3. HP: 21/21 MP: 5/7
  1926 | D:2      | Found an ancient bone altar of Kikubaaqudgha.
  1972 | D:2      | Found a sparkling altar of Nemelex Xobeh.
  2140 | D:2      | Reached XP level 4. HP: 22/27 MP: 2/8
  2336 | D:2      | Found a faded altar of an unknown god.
  2422 | D:2      | Learned a level 3 spell: Mephitic Cloud
  2426 | D:2      | Learned a level 3 spell: Conjure Flame
  3261 | D:3      | Reached XP level 5. HP: 31/31 MP: 3/9
  3618 | D:3      | Reached skill level 5 in Stealth
  3895 | D:3      | You fall through a shaft for 3 floors!
  3900 | D:5      | Entered Level 5 of the Dungeon
  3914 | D:5      | Noticed a sky beast
  3992 | D:5      | Found a deep blue altar of Sif Muna.
  4044 | D:5      | Found a staircase to the Ecumenical Temple.
  4054 | Temple   | Entered the Ecumenical Temple
  4242 | Temple   | Became a worshipper of Vehumet
  4523 | D:3      | Reached XP level 6. HP: 36/36 MP: 5/10
  4731 | D:3      | Reached skill level 5 in Conjurations
  4954 | D:4      | Found a glowing silver altar of Zin.
  4970 | D:4      | Reached skill level 1 in Poison Magic
  5206 | D:4      | HP: 1/37 [centaur skeleton (3)]
  5209 | D:4      | Reached skill level 1 in Fighting
  5209 | D:4      | Reached skill level 1 in Fire Magic
  5209 | D:4      | Reached skill level 1 in Air Magic
  5733 | D:4      | Found an iron altar of Okawaru.
  5761 | D:4      | Found a basalt altar of Yredelemnul.
  5820 | D:4      | Noticed an ice beast
  5969 | D:4      | HP: 1/38 [ice beast (3)]
  5969 | D:4      | Mangled by an ice beast

Levels and vault maps discovered:
D:1:      sevenhm_arrival_forest_fort_small_4, layout_loops_ring
D:2:      layout_basic, nemelex_altar_shiori, lemuel_doored_altar,
          chequers_ecumenical_altar_island
D:3:      minmay_bubble_buster, layout_loops_ring
D:4:      layout_basic, kennysheep_ying_yang, kennysheep_mini_moat,
          overflow_temple_1_default, zin_statuary
D:5:      layout_rooms, ashenzari_altar_1, nicolae_overflow_crystal_walls,
          minmay_temple_entry_stoned_glass, serial_shops, shop, first_ration,
          uniq_edmund
D:6:      layout_basic, nicolae_tso_carved_into_rock
Temple:   bh_familiar_temple

Skill      XL: |  1  2  3  4  5  6 |
---------------+-------------------+-----
Stealth        | 3 4 5 |  5.0
Conjurations   | 2 3 4 5 |  5.0
Poison Magic   | 1 |  1.8
Fighting       | 1 |  1.4
Fire Magic     | 1 |  1.4
Air Magic      | 1 |  1.4
Dodging        | |  2.0
Spellcasting   | |  3.0
Summonings     | |  1.0
Translocations | |  1.0

Action                   |  1- 3 |  4- 6 || total
-------------------------+-------+-------++-------
Melee: Unarmed           |    34 |       ||    34
       Constrict         |     5 |    15 ||    20
       Tentacles         |     4 |     9 ||    13
       Short sword       |     6 |    43 ||    49
       Dagger            |       |    27 ||    27
Throw: Stone             |       |     6 ||     6
       Javelin           |       |     3 ||     3
 Cast: Magic Dart        |    75 |   149 ||   224
       Conjure Flame     |       |     3 ||     3
  Use: Potion            |       |     3 ||     3
       Scroll            |       |     6 ||     6
 Stab: Sleeping          |       |     1 ||     1
  Eat: Chunk             |     2 |    10 ||    12
       Ration            |       |     1 ||     1
Armor: Skin              |     7 |     5 ||    12
Dodge: Dodged            |    39 |    59 ||    98

Table legend:
 A = Non-vault XP
 B = Vault XP
 C = Vault XP percentage of total XP
 D = Non-vault monster count
 E = Vault monster count
 F = Vault count percentage of total count
                 A         B        C        D         E       F
            +---------+---------+-------+---------+---------+-------
      Total |     564 |      45 |   7.4 |      84 |      12 |  12.5
            +---------+---------+-------+---------+---------+-------
        D:1 |      47 |       0 |   0.0 |      26 |       0 |   0.0
        D:2 |      55 |       0 |   0.0 |      20 |       0 |   0.0
        D:3 |     159 |      45 |  22.1 |      26 |      12 |  31.6
        D:4 |     259 |       0 |   0.0 |      10 |       0 |   0.0
        D:5 |      44 |       0 |   0.0 |       2 |       0 |   0.0
            +---------+---------+-------+---------+---------+-------
